Map: Backwater LE

Players

Demi

  • Race: Zerg Zerg
  • Spawn Location: 11:00

SpeCial - Winner!

  • Race: Terran Terran
  • Spawn Location: 5:00

Event: IEM Season 12 - PyeongChang

VOD

Have the link to the VOD?

Description

Time

  • Played on: Feb. 4, 2018, 11:53 p.m.
  • Length: 7:49

All games in this series

Show
View Real Time Build Order
Export as new Build Order

Demi Zerg 

Build Orders: Hatch First 

Get SALT Encoding   

  12  0:00  Drone  
  13  0:12  Overlord  
  13  0:17  Drone  
  14  0:30  Drone  
  14  0:31  Drone  
  14  0:35  Drone  
  17  0:51  Hatchery  
  17  0:53  Drone  
  17  0:57  Drone  
  18  1:07  Extractor  
  17  1:12  Spawning Pool  
  17  1:15  Drone  
  17  1:19  Drone  
  18  1:33  Drone  
  19  1:40  Overlord  
  19  1:51  Drone  
  20  1:58  Queen  
  20  2:00  Zergling x2  
  23  2:02  Queen  
  23  2:03  Zergling x2  
  26  2:11  Metabolic Boost, Drone  
  26  2:14  Drone  
  28  2:21  Overlord  
  28  2:34  Drone  
  28  2:42  Queen  
  30  2:47  Drone x2  
  30  2:48  Pneumatized Carapace, Drone x2  
  34  2:53  Zergling x2  
  34  2:57  Drone  
  36  3:06  Overlord  
  36  3:11  Drone x4  
  40  3:13  Drone  
  40  3:16  Drone x3  
  44  3:36  Hatchery  
  44  3:37  Overlord  
  44  3:40  Drone  
  44  3:43  Queen  
  44  3:47  Queen  
  48  3:54  Overlord x2  
  48  3:59  Drone x3  
  48  4:01  Baneling Nest  
  50  4:06  Zergling x8  
  54  4:11  Drone  
  55  4:18  Spine Crawler  
  55  4:19  Drone x4  
  56  4:31  Queen x2  
  55  4:34  Drone x3  
  55  4:37  Overlord  
  60  4:41  Drone x2  
  60  4:43  Extractor  
  60  4:45  Evolution Chamber, Drone  
  61  4:46  Evolution Chamber  
  61  4:49  Baneling  
  61  4:50  Baneling  
  61  4:52  Zergling x4  
  62  4:57  Drone  
  61  5:01  Queen  
  61  5:02  Drone x2  
  66  5:07  Queen, Zergling x4  
  66  5:09  Drone  
  66  5:10  Drone  
  66  5:13  Queen  
  72  5:21  Drone  
  72  5:22  Drone x3  
  72  5:24  Zerg Ground Armor Level 1  
  72  5:25  Zerg Melee Weapons Level 1  
  71  5:36  Zergling x12  
  69  5:43  Zergling x2  
  69  5:44  Zergling x12  
  69  5:47  Queen  
  68  5:53  Queen  
  68  5:56  Zergling x2  
  59  5:57  Zergling x4  
  59  6:02  Zergling x4  
  58  6:05  Drone  
  58  6:11  Drone  
  59  6:12  Drone  
  59  6:15  Drone  
  59  6:16  Lair  
  59  6:18  Baneling x3  
  61  6:19  Drone x3  
  61  6:23  Drone  
  61  6:24  Drone  
  66  6:27  Drone x3  
  69  6:38  Drone  
  69  6:39  Drone x3  
  73  6:43  Extractor  
  72  6:47  Overlord  
  72  6:49  Extractor  
  72  6:52  Overlord x2  
  71  7:01  Zergling x2  
  71  7:02  Zergling x4  
  71  7:03  Drone x2  
  71  7:04  Drone x2  
  71  7:06  Extractor x2  
  71  7:07  Drone x4  
  80  7:10  Drone  
  80  7:13  Drone  
  82  7:17  Hydralisk Den  
  79  7:26  Drone x4  
  79  7:27  Drone x2  
Show
View Real Time Build Order
Export as new Build Order

SpeCial Terran - Winner!

Build Orders: Hellion Opening, Reaper Expand, Mech 

Get SALT Encoding   

  12  0:00  SCV  
  13  0:12  SCV  
  14  0:20  Supply Depot  
  14  0:24  SCV  
  15  0:42  SCV  
  16  0:44  Barracks  
  16  0:46  Refinery  
  16  0:54  SCV  
  17  1:06  SCV  
  18  1:18  SCV  
  19  1:32  Reaper, Orbital Command  
  20  1:41  Command Center  
  20  1:55  Supply Depot  
  20  1:59  SCV  
  21  2:04  Marine  
  21  2:07  Factory  
  22  2:11  SCV  
  22  2:13  Refinery  
  23  2:23  SCV  
  23  2:24  Barracks Reactor  
  24  2:35  SCV  
  25  2:45  Ghost Academy  
  25  2:47  SCV  
  26  2:53  Orbital Command  
  26  2:59  SCV  
  27  3:06  Hellion x2  
  27  3:08  Barracks Tech Lab  
  27  3:11  SCV  
  32  3:19  SCV  
  33  3:24  SCV  
  33  3:26  Ghost  
  36  3:27  Hellion  
  36  3:28  Hellion  
  36  3:31  SCV  
  41  3:35  Supply Depot  
  41  3:36  SCV  
  42  3:43  SCV  
  42  3:48  SCV  
  44  3:49  Hellion  
  46  3:56  SCV, Hellion  
  46  3:57  Supply Depot  
  46  3:58  Ghost, Supply Depot  
  46  4:00  SCV  
  52  4:08  SCV  
  53  4:12  SCV  
  54  4:21  Cyclone x2  
  60  4:29  SCV x2  
  59  4:34  Ghost  
  59  4:38  Command Center  
  61  4:41  SCV x2  
  63  4:46  Refinery x2  
  63  4:53  SCV  
  63  4:56  SCV  
  63  4:57  Hellion x2  
  69  5:05  SCV  
  69  5:06  Factory  
  70  5:08  Supply Depot  
  70  5:17  Factory  
  70  5:29  SCV x2  
  70  5:30  Hellion x2  
  71  5:41  SCV  
  72  5:43  SCV  
  73  5:50  Factory Tech Lab  
  73  5:51  Hellion x2  
  73  5:52  Armory  
  73  5:54  SCV  
  73  5:55  SCV, Orbital Command  
  64  6:06  Infernal Pre-Igniter, SCV  
  64  6:07  SCV, Hellion  
  64  6:08  Barracks Tech Lab  
  64  6:12  Hellion x2  
  64  6:13  Supply Depot  
  64  6:15  Hellion  
  64  6:18  SCV  
  71  6:19  SCV  
  71  6:21  SCV  
  71  6:24  Refinery  
  71  6:25  Refinery  
  73  6:28  Ghost  
  73  6:30  SCV  
  73  6:32  SCV  
  77  6:33  SCV  
  77  6:38  Hellion x2  
  86  6:41  Siege Tank x2  
  86  6:42  SCV  
  86  6:44  SCV  
  86  6:45  SCV  
  91  6:54  SCV, Supply Depot  
  91  6:56  SCV  
  91  6:57  SCV, Ghost  
  91  7:00  Hellion x2  
  100  7:04  Supply Depot  
  100  7:05  Supply Depot  
  100  7:06  SCV  
  101  7:16  SCV x2, Siege Tank x2  
  101  7:18  SCV  
  101  7:21  Factory  
  108  7:26  Hellion x2, Supply Depot x2  
  108  7:28  SCV x2, Factory  
  116  7:30  SCV  
  117  7:41  Armory  

Tags
 
Add a new tag
Caveats
  • Supply blocks, unpowered buildings, or Contaminate may cause inaccurate times.
  • Supply counts are checked every 10 seconds.